PL
PANAMA CITY PIRANHAS @ WIZARDING EXPRESS
09/19/2026
 
TOP OF THE 1ST
Panama City Piranhas batting - Pitching for Wizarding Express : RHP Ralph McKinney
Pitching: RHP Ralph McKinney
Batting: RHB Tim Barnes 0-0: Foul Ball, location: 2F
0-1: Swinging Strike
0-2: Strikes out swinging
Batting: SHB Tsing Guao 0-0: Ball
1-0: Called Strike
1-1: Swinging Strike
1-2: Strikes out swinging
Batting: LHB Herman Hayes 0-0: Foul Ball, location: 2F
0-1: Ball
1-1: Ball
2-1: Fly out, F7 (Flyball, 78M)
Top of the 1st over - 0 run(s), 0 hit(s), 0 error(s), 0 left on base; Panama City 0 - Wizarding 0
BOTTOM OF THE 1ST
Wizarding Express batting - Pitching for Panama City Piranhas : LHP Pedro Alejándrez
Pitching: LHP Pedro Alejándrez
Batting: RHB António Martínez 0-0: Called Strike
0-1: Ball
1-1: Ball
2-1: SOLO HOME RUN (Flyball, 7D), Distance : 350 ft
Batting: RHB Chi-ju Zhang 0-0: Ball
1-0: Called Strike
1-1: Ball
2-1: Reached on error, E6 (Groundball, 6)
Batting: RHB Rafael Arredondo 0-0: Swinging Strike
0-1: Ball
1-1: Swinging Strike
1-2: Ball
2-2: Fly out, F9 (Flyball, 9S)
Batting: LHB Nathan Tanner 0-0: Ball
1-0: Ball
2-0: Ball
3-0: Base on Balls
Chi-ju Zhang to second
Batting: RHB Cole Shaffer 0-0: Foul Ball, location: 2F
0-1: Ball
1-1: Ball
2-1: SINGLE (Groundball, 6MD)
Chi-ju Zhang to third
Nathan Tanner to second
Runner from 3rd tries for Home, SAFE, throw made home
Nathan Tanner to third
Cole Shaffer to second
Batting: LHB Kyung-chor Pang 0-0: Called Strike
0-1: Swinging Strike
0-2: Strikes out looking
Batting: RHB Roy Herring 0-0: SINGLE (Groundball, 5D)
Nathan Tanner scores
Cole Shaffer to third
Runner from 3rd tries for Home, SAFE, no throw
Batting: RHB Steve Dunn 0-0: Ball
1-0: Fielders Choice at 2nd, 5-4 (Groundball, 5)
Bottom of the 1st over - 4 run(s), 3 hit(s), 1 error(s), 0 left on base; Panama City 0 - Wizarding 4
TOP OF THE 2ND
Panama City Piranhas batting - Pitching for Wizarding Express : RHP Ralph McKinney
Batting: RHB Juan Jose Ayala 0-0: Called Strike
0-1: SINGLE (Flyball, 8RS)
Batting: RHB Baldomero Avino 0-0: Called Strike
0-1: Ball
1-1: Hit by Pitch
Juan Jose Ayala to second
Batting: LHB Robert Adams 0-0: Ball
1-0: Ball
2-0: Fielders Choice at 2nd, 4-6 (Groundball, 34)
Juan Jose Ayala to third
Batting: RHB Armando Alvarado 0-0: Ball
Wild Pitch!
Juan Jose Ayala scores
Robert Adams to second
1-0: Swinging Strike
1-1: Ball
2-1: Ground out 5-3 (Groundball, 56S)
Robert Adams to third
Batting: LHB Sergio Muńóz 0-0: Foul Ball, location: 2F
0-1: Swinging Strike
0-2: Strikes out swinging
Top of the 2nd over - 1 run(s), 1 hit(s), 0 error(s), 1 left on base; Panama City 1 - Wizarding 4
BOTTOM OF THE 2ND
Wizarding Express batting - Pitching for Panama City Piranhas : LHP Pedro Alejándrez
Batting: RHB Ed Whitaker 0-0: Ball
1-0: Ground out 5-3 (Groundball, 56)
Batting: RHB António Martínez 0-0: Called Strike
0-1: Foul Ball, location: 2F
0-2: Ball
1-2: Foul Ball, location: 2F
1-2: Ball
2-2: Fly out, F8 (Line Drive, 8LM)
Batting: RHB Chi-ju Zhang 0-0: Ball
1-0: Called Strike
1-1: Foul Ball, location: 2F
1-2: Fly out, F9 (Flyball, 9S)
Bottom of the 2nd over - 0 run(s), 0 hit(s), 0 error(s), 0 left on base; Panama City 1 - Wizarding 4
TOP OF THE 3RD
Panama City Piranhas batting - Pitching for Wizarding Express : RHP Ralph McKinney
Batting: SHB Marc Talamante 0-0: Called Strike
0-1: Called Strike
0-2: Fly out, F7 (Flyball, 78S)
Batting: RHB Tim Barnes 0-0: Swinging Strike
0-1: Ball
1-1: Foul Ball, location: 2F
1-2: Hit by Pitch
Batting: SHB Tsing Guao 0-0: Called Strike
0-1: Foul Ball, location: 2F
0-2: Ball
1-2: Strikes out swinging
Batting: LHB Herman Hayes 0-0: Called Strike
0-1: Fly out, F1 (Line Drive, 15)
Top of the 3rd over - 0 run(s), 0 hit(s), 0 error(s), 1 left on base; Panama City 1 - Wizarding 4
BOTTOM OF THE 3RD
Wizarding Express batting - Pitching for Panama City Piranhas : LHP Pedro Alejándrez
Batting: RHB Rafael Arredondo 0-0: Swinging Strike
0-1: Called Strike
0-2: Ball
1-2: Foul Ball, location: 2F
1-2: SINGLE (Groundball, 4MD)
Pitching: RHP Tobías Pérez
Batting: LHB Nathan Tanner 0-0: Foul Ball, location: 2F
0-1: Ball
1-1: Swinging Strike
1-2: Strikes out swinging
Batting: RHB Cole Shaffer 0-0: Ball
1-0: Hit by Pitch
Rafael Arredondo to second
Batting: LHB Kyung-chor Pang 0-0: Ball
1-0: Fly out, F4 (Line Drive, 4)
Lined into DP, 4-6 (Line Drive, 4)
Bottom of the 3rd over - 0 run(s), 1 hit(s), 0 error(s), 1 left on base; Panama City 1 - Wizarding 4
TOP OF THE 4TH
Panama City Piranhas batting - Pitching for Wizarding Express : RHP Ralph McKinney
Batting: RHB Juan Jose Ayala 0-0: Foul Ball, location: 2F
0-1: Fly out, F8 (Flyball, 8LM)
Batting: RHB Baldomero Avino 0-0: Called Strike
0-1: Foul Ball, location: 2F
0-2: Strikes out swinging
Batting: LHB Robert Adams 0-0: Ball
1-0: Called Strike
1-1: Called Strike
1-2: Strikes out swinging
Top of the 4th over - 0 run(s), 0 hit(s), 0 error(s), 0 left on base; Panama City 1 - Wizarding 4
BOTTOM OF THE 4TH
Wizarding Express batting - Pitching for Panama City Piranhas : RHP Tobías Pérez
Batting: RHB Roy Herring 0-0: Swinging Strike
0-1: Ball
1-1: Ground out 6-3 (Groundball, 56)
Batting: RHB Steve Dunn 0-0: Ball
1-0: Ground out 5-3 (Groundball, 56)
Batting: RHB Ed Whitaker 0-0: Called Strike
0-1: Ball
1-1: Swinging Strike
1-2: Foul Ball, location: 2F
1-2: Foul Ball, location: 2F
1-2: Ball
2-2: Hit by Pitch
Batting: RHB António Martínez 0-0: Fielders Choice at 2nd, 6-4 (Groundball, 6)
Bottom of the 4th over - 0 run(s), 0 hit(s), 0 error(s), 0 left on base; Panama City 1 - Wizarding 4
TOP OF THE 5TH
Panama City Piranhas batting - Pitching for Wizarding Express : RHP Ralph McKinney
Batting: RHB Armando Alvarado 0-0: Called Strike
0-1: Swinging Strike
0-2: Foul Ball, location: 2F
0-2: Strikes out looking
Batting: LHB Sergio Muńóz 0-0: Called Strike
0-1: Ball
1-1: Foul Ball, location: 2F
1-2: Ball
2-2: Foul Ball, location: 2F
2-2: Foul Ball, location: 2F
2-2: Foul Ball, location: 2F
2-2: Strikes out swinging
Batting: SHB Marc Talamante 0-0: Ball
1-0: Ball
2-0: Ground out U3 (Groundball, 3)
Top of the 5th over - 0 run(s), 0 hit(s), 0 error(s), 0 left on base; Panama City 1 - Wizarding 4
BOTTOM OF THE 5TH
Wizarding Express batting - Pitching for Panama City Piranhas : RHP Tobías Pérez
Batting: RHB Chi-ju Zhang 0-0: Fly out, F9 (Flyball, 9D)
Batting: RHB Rafael Arredondo 0-0: Foul Ball, location: 2F
0-1: Ball
1-1: Fly out, F3 (Popup, 3S)
Batting: LHB Nathan Tanner 0-0: Ball
1-0: Called Strike
1-1: Ball
2-1: Ball
3-1: Base on Balls
Batting: RHB Cole Shaffer 0-0: Ball
1-0: Fielders Choice at 2nd, 6-4 (Groundball, 6)
Bottom of the 5th over - 0 run(s), 0 hit(s), 0 error(s), 0 left on base; Panama City 1 - Wizarding 4
TOP OF THE 6TH
Panama City Piranhas batting - Pitching for Wizarding Express : RHP Ralph McKinney
Batting: RHB Tim Barnes 0-0: Ground out 1-3 (Groundball, P)
Batting: SHB Tsing Guao 0-0: Called Strike
0-1: Ball
1-1: DOUBLE (Line Drive, 89M)
Batting: LHB Herman Hayes 0-0: Ball
1-0: 2-RUN HOME RUN (Flyball, 9LD), Distance : 331 ft
Batting: RHB Juan Jose Ayala 0-0: Ball
1-0: Foul Ball, location: 2F
1-1: Ball
2-1: Ball
3-1: SINGLE (Flyball, 89S)
Batting: RHB Baldomero Avino 0-0: Called Strike
0-1: Foul Ball, location: 2F
0-2: Strikes out swinging
Batting: LHB Robert Adams 0-0: Ball
1-0: Foul Ball, location: 2F
1-1: Ball
2-1: Swinging Strike
2-2: Ball
Wild Pitch!
Juan Jose Ayala to second
3-2: Fly out, F9 (Flyball, 9)
Top of the 6th over - 2 run(s), 3 hit(s), 0 error(s), 1 left on base; Panama City 3 - Wizarding 4
BOTTOM OF THE 6TH
Wizarding Express batting - Pitching for Panama City Piranhas : RHP Tobías Pérez
Batting: LHB Kyung-chor Pang 0-0: Called Strike
0-1: Ground out U3 (Groundball, 3)
Batting: RHB Roy Herring 0-0: Ball
1-0: Called Strike
1-1: Ball
2-1: Called Strike
2-2: SINGLE (Line Drive, 6M)
Batting: RHB Steve Dunn 0-0: Foul Ball, location: 2F
0-1: Called Strike
0-2: Grounds into double play, 6-4-3 (Groundball, 6)
Bottom of the 6th over - 0 run(s), 1 hit(s), 0 error(s), 0 left on base; Panama City 3 - Wizarding 4
TOP OF THE 7TH
Panama City Piranhas batting - Pitching for Wizarding Express : RHP Ralph McKinney
Batting: RHB Armando Alvarado 0-0: Called Strike
0-1: Ball
1-1: Swinging Strike
1-2: Strikes out swinging
Batting: LHB Sergio Muńóz 0-0: Ball
1-0: Ball
2-0: Foul Ball, location: 2F
2-1: Ball
3-1: Fly out, F9 (Flyball, 9)
Batting: SHB Marc Talamante 0-0: Ball
1-0: Foul Ball, location: 2F
1-1: Called Strike
1-2: Foul Ball, location: 2F
1-2: Ball
2-2: Ground out 1-3 (Groundball, 13S)
Top of the 7th over - 0 run(s), 0 hit(s), 0 error(s), 0 left on base; Panama City 3 - Wizarding 4
BOTTOM OF THE 7TH
Wizarding Express batting - Pitching for Panama City Piranhas : RHP Tobías Pérez
Batting: RHB Ed Whitaker 0-0: Called Strike
0-1: Called Strike
0-2: Ball
1-2: Strikes out swinging
Batting: RHB António Martínez 0-0: Foul Ball, location: 2F
0-1: Reached on error, E6 (Groundball, 6)
Batting: RHB Chi-ju Zhang 0-0: Ball
António Martínez steals 2nd base
1-0: Fly out, F2 (Popup, 2L)
Pitching: RHP Eduardo Capata
Batting: RHB Rafael Arredondo 0-0: Called Strike
0-1: Ball
1-1: Swinging Strike
1-2: Ball
2-2: Ball
3-2: Reached on error, E4 (Groundball, 4M)
António Martínez scores
Batting: LHB Nathan Tanner 0-0: Foul Ball, location: 2F
0-1: Ball
1-1: Ball
2-1: Ball
3-1: Fly out, F6 (Popup, 6D)
Bottom of the 7th over - 1 run(s), 0 hit(s), 2 error(s), 1 left on base; Panama City 3 - Wizarding 5
TOP OF THE 8TH
Panama City Piranhas batting - Pitching for Wizarding Express : RHP Ralph McKinney
Pitching: RHP Jackson Haines
Batting: RHB Tim Barnes 0-0: Swinging Strike
0-1: Foul Ball, location: 2F
0-2: Ball
1-2: Ball
2-2: Foul Ball, location: 2F
2-2: Foul Ball, location: 2F
2-2: Ball
3-2: Fly out, F8 (Flyball, 8RM)
Batting: SHB Tsing Guao 0-0: Foul Ball, location: 2F
0-1: DOUBLE (Flyball, 89D)
Pitching: LHP Ming-jiang Wu
Batting: LHB Herman Hayes 0-0: Called Strike
0-1: Ball
1-1: Swinging Strike
1-2: Strikes out looking
Pitching: RHP Juan Cantú
Batting: RHB Juan Jose Ayala 0-0: Called Strike
0-1: SINGLE (Groundball, 6D)
Tsing Guao to third
Runner from 3rd tries for Home, SAFE, no throw
Batting: RHB Baldomero Avino 0-0: Ball
1-0: Ball
2-0: 2-RUN HOME RUN (Flyball, 7LD), Distance : 329 ft
Pitching: LHP Dorian Daly
Batting: LHB Robert Adams 0-0: Called Strike
0-1: Ground out 6-3 (Groundball, 6S)
Top of the 8th over - 3 run(s), 3 hit(s), 0 error(s), 0 left on base; Panama City 6 - Wizarding 5
BOTTOM OF THE 8TH
Wizarding Express batting - Pitching for Panama City Piranhas : RHP Eduardo Capata
Batting: RHB Cole Shaffer 0-0: Ball
1-0: Ground out 1-3 (Groundball, 15S)
Batting: LHB Kyung-chor Pang 0-0: Called Strike
0-1: Ground out U3 (Groundball, 34)
Batting: RHB Roy Herring 0-0: SINGLE (Groundball, 34D)
Pinch Runner at 1st Jesús Cisneros:
Batting: RHB Steve Dunn 0-0: Ball
1-0: Swinging Strike
1-1: Ball
2-1: Fly out, F8 (Flyball, 8LXD)
Bottom of the 8th over - 0 run(s), 1 hit(s), 0 error(s), 1 left on base; Panama City 6 - Wizarding 5
TOP OF THE 9TH
Panama City Piranhas batting - Pitching for Wizarding Express : LHP Dorian Daly
Now at 2B: Wu Le
Batting: RHB Armando Alvarado 0-0: Called Strike
0-1: Called Strike
0-2: Ball
1-2: Ball
2-2: Strikes out looking
Batting: LHB Sergio Muńóz 0-0: Ball
1-0: Ball
2-0: Ball
3-0: Swinging Strike
3-1: Ground out U3 (Groundball, 3)
Batting: SHB Marc Talamante 0-0: Ball
1-0: Swinging Strike
1-1: Ball
2-1: Ball
3-1: Base on Balls
Pinch Hitting: RHB Raúl Ortíz 0-0: Ball
1-0: Called Strike
1-1: Foul Ball, location: 2F
1-2: Foul Ball, location: 2F
1-2: Ball
2-2: Strikes out swinging
Top of the 9th over - 0 run(s), 0 hit(s), 0 error(s), 1 left on base; Panama City 6 - Wizarding 5
BOTTOM OF THE 9TH
Wizarding Express batting - Pitching for Panama City Piranhas : RHP Eduardo Capata
Pitching: RHP Valentín Montenegro
Now at 2B: Raúl Ortíz
Batting: RHB Ed Whitaker 0-0: Ball
1-0: Called Strike
1-1: Fly out, F7 (Flyball, 78S)
Batting: RHB António Martínez 0-0: Ball
1-0: Foul Ball, location: 2F
1-1: Ball
2-1: Swinging Strike
2-2: Ball
3-2: Foul Ball, location: 2F
3-2: Base on Balls
Batting: RHB Chi-ju Zhang 0-0: Swinging Strike
0-1: Foul Ball, location: 2F
0-2: Strikes out swinging
Batting: RHB Rafael Arredondo 0-0: Ball
1-0: Ball
2-0: Called Strike
2-1: Swinging Strike
2-2: Ball
António Martínez steals 2nd base
3-2: Fly out, F7 (Flyball, 7)
Bottom of the 9th over - 0 run(s), 0 hit(s), 0 error(s), 1 left on base; Panama City 6 - Wizarding 5
Monday, March 20th, 2017 - OOTP Baseball 17.12 Build 75